 Dungeon Sprint DCSS version 0.31-a0-152-g6aa68a64a1 (webtiles) character file.

Game seed: 8684336505569138012

2233 Conn the Arsonist (level 9, -2/52 HPs)
             Began as an Octopode Fire Elementalist on June 11, 2023.
             Was an Elder of Sif Muna.
             Shot with a bolt by a yaktaur captain (31 damage)
             ... in the Dungeon (Sprint II: "The Violet Keep of Menkaure").
             The game lasted 00:08:51 (831 turns).

Conn the Arsonist (Octopode Fire Elementalist)       Turns: 831, Time: 00:08:52

Health: -2/52      AC:  1    Str:  7    XL:     9   Next: 36%
Magic:  4/22       EV: 15    Int: 22    God:    Sif Muna [****..]
Gold:   1876       SH:  5    Dex: 12    Spells: 11/26 levels left

rFire   . .          .
                       - Unarmed
rCold   . . .        p - orb {*Rage}
rNeg    . . .        (helmet restricted)
rPois   .            k - amulet of reflection
rElec   .            (no ring)
rCorr   .            (no ring)
SInv    .            (no ring)
Will    .....        (no ring)
Stlth   +++++        (no ring)
HPRegen 0.28/turn    (no ring)
MPRegen 0.18/turn    (no ring)
                     (no ring)

%: no teleportation, random rage (20%), reflection
@: no status effects
A: almost no armour, amphibious, 8 rings, camouflage 1, gelatinous body 1,
nimble swimmer 1, tentacles
a: Renounce Religion, Channel Magic, Forget Spell, Divine Exegesis


You were in the Dungeon.
You worshipped Sif Muna.
Sif Muna was greatly pleased with you.
You visited 1 branch You collected 2110 gold pieces.
You spent 234 gold pieces at shops.

Inventory:

Armour
 p - an orb of wrath (worn)
Jewellery
 k - an amulet of reflection (around mantle)
Scrolls
 b - a scroll of vulnerability
 f - a scroll of blinking
 g - a scroll of fog
Potions
 a - 6 potions of magic
 c - 4 potions of heal wounds
 d - 4 potions of enlightenment {unknown}
 i - a potion of brilliance
 j - a potion of ambrosia
 l - 2 potions of attraction {unknown}
 n - 3 potions of resistance {unknown}


   Skills:
 + Level 0.4 Fighting
 + Level 6.3 Dodging
 - Level 6.1 Stealth
 - Level 3.2 Unarmed Combat
 + Level 9.3 Spellcasting
 + Level 4.3 Conjurations
 + Level 1.5 Hexes
 + Level 12.9 Fire Magic
 * Level 6.5 Air Magic
 - Level 5.5 Poison Magic
 * Level 5.9 Invocations


You had 11 spell levels left.
You knew the following spells:

 Your Spells              Type           Power      Damage    Failure   Level
a - Foxfire               Conj/Fire      100%       2x1d9     1%          1
b - Scorch                Fire           100%       2d9       1%          2
c - Inner Flame           Hex/Fire       42%        N/A       1%          3
d - Flame Wave            Conj/Fire      48%        2d12      1%          4
e - Mephitic Cloud        Conj/Pois/Air  34%        N/A       1%          3
f - Call Imp              Summ           20%        N/A       10%         2

Your spell library contained the following spells:

 Spells                   Type           Power      Damage    Failure   Level
 Magic Dart               Conj           100%       1d8       1%          1
 Swiftness                Air            39%        N/A       1%          3
 Volatile Blastmotes      Fire/Tloc      76%        2d16      1%          3
 Ensorcelled Hibernation  Hex/Ice        26%        N/A       7%          2
 Passwall                 Tmut/Erth      8%         N/A       10%         2
 Frozen Ramparts          Ice            20%        1d4       21%         3
 Ice Form                 Ice/Tmut       10%        N/A       54%         4
 Summon Ice Beast         Ice/Summ       10%        N/A       54%         4


Dungeon Overview and Level Annotations

Branches:
Dungeon (1/1)

Altars:
Cheibriados
Dithmenos
Elyvilon
Fedhas
Gozag
Hepliaklqana
Kikubaaqudgha
Makhleb
Nemelex Xobeh
Okawaru
Qazlal
Ru
Sif Muna
Trog
Uskayaw
Vehumet
Wu Jian
Xom
Yredelemnul
Zin
The Shining One
Jiyva
Lugonu

Shops:
D [!:?=((=[!*=[?:

Annotations:
D exclusions: ice statue, obsidian statue and oklob plant, Kirke


Innate Abilities, Weirdness & Mutations

You cannot wear most types of armour.
You are amphibious.
You can wear up to eight rings at the same time.
Your skin changes colour to match your surroundings (Stealth+).
Your rubbery body absorbs attacks. (AC +1, EV +1)
You are camouflaged when in or above water. (Stealth+)
You have tentacles for arms and can constrict up to eight enemies at once.


Message History

Aiming: Inner Flame (safe; 1% risk of failure)
Press: ? - help, Dir - move target, f/p - skeletal warrior
Aim: a skeletal warrior, wielding a +0 trident (ally target, chance to affect: 30%)
Okay, then.
Your cerulean imp barely misses the skeletal warrior.
The skeletal warrior hits your cerulean imp with a +0 trident!
Flame seeps out of your cerulean imp.
There is a staircase leading out of the dungeon here.
Casting: Inner Flame (safe; 1% risk of failure)
Confirm with . or Enter, or press ? or * to list all spells.
Aiming: Inner Flame (safe; 1% risk of failure)
Press: ? - help, Dir - move target, f/p - skeletal warrior
Aim: a skeletal warrior, wielding a +0 trident (ally target, chance to affect: 30%)
The skeletal warrior easily resists.
Your cerulean imp is engulfed in blazing flames.
Your cerulean imp disappears in a puff of smoke!
Your cerulean imp explodes!
The fiery explosion engulfs the skeletal warrior!
The skeletal warrior is lightly damaged.
Casting: Inner Flame (safe; 1% risk of failure)
Confirm with . or Enter, or press ? or * to list all spells.
A tiny devil pulls itself out of the air.
Your cerulean imp hits the skeletal warrior but does no damage.
There is an open door here.
Things that are here:
a necrophage corpse; a necrophage corpse Your cerulean imp misses the skeletal warrior.
You see here a necrophage corpse.
Okay, then.
Casting: Call Imp (safe; 10% risk of failure)
Confirm with . or Enter, or press ? or * to list all spells.
Okay, then.
You open the door.
Your cerulean imp barely misses the skeletal warrior.
The skeletal warrior hits you from afar with a +0 trident!!
There is an open door here.
You enter the shallow water.
The yaktaur captain shoots a bolt.
The bolt hits you!!
Ouch! That really hurt!
You die...

##∩.∩...∩.#~#..###.##...#..# #.
##.∩.....∩c†'##.'.<.'.#.)..####.
##∩.......#~#..###5##...#....###
#▓▓▓▓▓▓▓###~##.###†###.##....§.~
##(FG######~~####.†.####~~...§.~
#!.F#J$ ##~~~#..#..#~~~~§~~..~
#∩P$+.J#+ #'#~##.#.##~§~~~~~§.~
#=.[#!##~ #[#~~##z##~~~≈§≈~~~~~
#)$?###.. ####@~~~~~~~~§≈§≈≈~~~
##+###..~ #+++#+++#~§§≈≈§≈≈~
..... ##≈§≈###§§ ○.....○..##≈≈#
#§≈ +...○.8.....+≈≈# #≈≈
##......○..##≈≈≈≈§§≈ ##.°○...○##
##### ####+####


You could see a yaktaur captain and a skeletal warrior.

Vanquished Creatures
  A merfolk siren (D)
  A yaktaur (D)
  3 polar bears (D)
  A hornet (D)
  4 water moccasins (D)
  4 necrophages (D)
  4 scorpions (D)
  A hell rat (D)
  3 worms (D)
22 creatures vanquished.

Vanquished Creatures (others)
  Menkaure (D)
  30 foxfires (D)
31 creatures vanquished.

Grand Total: 53 creatures vanquished

Notes
Turn   | Place    | Note
-------+----------+-------------------------------------------
     0 | D        | Conn the Octopode Fire Elementalist began the quest for the
                  | Orb.
     0 | D        | Reached XP level 1. HP: 11/11 MP: 3/3
     1 | D        | Noticed a scorpion
     1 | D        | Noticed a scorpion
     5 | D        | Noticed a scorpion
    10 | D        | Killed a scorpion
    11 | D        | Reached skill level 6 in Fire Magic
    11 | D        | Reached XP level 2. HP: 17/17 MP: 0/6
    11 | D        | Reached XP level 3. HP: 21/21 MP: 0/8
    11 | D        | Reached XP level 4. HP: 27/27 MP: 0/9
    13 | D        | Killed a scorpion
    14 | D        | Reached skill level 1 in Unarmed Combat
    14 | D        | Reached skill level 7 in Fire Magic
    14 | D        | Reached XP level 5. HP: 31/31 MP: 0/11
    19 | D        | Reached skill level 5 in Stealth
    19 | D        | Reached skill level 8 in Fire Magic
    30 | D        | Learned a level 2 spell: Scorch
    34 | D        | Learned a level 3 spell: Inner Flame
    39 | D        | Learned a level 4 spell: Flame Wave
    56 | D        | Reached skill level 5 in Spellcasting
    56 | D        | Reached skill level 9 in Fire Magic
    56 | D        | Reached XP level 6. HP: 12/36 MP: 1/14
    74 | D        | Found Dukolees's Magic Scroll Shoppe.
    74 | D        | Found Deghe's Jewellery Emporium.
    74 | D        | Found Yrphaguo's Antique Armour Emporium.
    74 | D        | Found Kirhiur's Distillery.
    74 | D        | Found Fatz's Assorted Antiques.
    75 | D        | Found Arghatt's Antique Armour Shoppe.
    75 | D        | Found Finielul's Jewellery Emporium.
    76 | D        | Found Semam's Antique Weapon Shoppe.
    76 | D        | Found Uduugue's Weapon Emporium.
    76 | D        | Noticed a cane toad
    77 | D        | Found Manigecou's Book Emporium.
    78 | D        | Found Janos's Jewellery Shoppe.
    78 | D        | Found Yhepralan's Magic Scroll Emporium.
    78 | D        | Noticed a water moccasin
    78 | D        | Noticed a cane toad
    78 | D        | Noticed an oklob plant
    85 | D        | Killed a water moccasin
    86 | D        | Reached skill level 5 in Dodging
    86 | D        | Reached skill level 10 in Fire Magic
    87 | D        | Noticed a great orb of eyes
    88 | D        | Found Ufuucev's Distillery.
    88 | D        | Found Jiroap's Antique Armour Emporium.
    88 | D        | Found Zuyc's Book Shoppe.
    90 | D        | Bought a book of Minor Magic for 234 gold pieces
    94 | D        | Learned a level 3 spell: Mephitic Cloud
    97 | D        | Learned a level 2 spell: Call Imp
    99 | D        | Killed Menkaure
   104 | D        | Noticed a slime creature
   104 | D        | Noticed a slime creature
   106 | D        | Noticed a slime creature
   140 | D        | Noticed an ice statue
   142 | D        | Noticed a water moccasin
   147 | D        | Killed a water moccasin
   148 | D        | Reached skill level 1 in Air Magic
   152 | D        | Found a hazy altar of Hepliaklqana.
   152 | D        | Found a snail-covered altar of Cheibriados.
   153 | D        | Found a stormy altar of Qazlal.
   153 | D        | Found a viscous altar of Jiyva.
   153 | D        | Found a shadowy altar of Dithmenos.
   154 | D        | Found a sacrificial altar of Ru.
   154 | D        | Found an ancient bone altar of Kikubaaqudgha.
   154 | D        | Found a white marble altar of Elyvilon.
   156 | D        | Found an ornate altar of the Wu Jian Council.
   156 | D        | Found a shimmering blue altar of Sif Muna.
   156 | D        | Found a corrupted altar of Lugonu.
   157 | D        | Found a shimmering altar of Xom.
   157 | D        | Found a bloodstained altar of Trog.
   157 | D        | Found a burning altar of Makhleb.
   158 | D        | Found a glowing golden altar of the Shining One.
   158 | D        | Found a basalt altar of Yredelemnul.
   158 | D        | Found a hide-covered altar of Uskayaw.
   160 | D        | Found a glowing silver altar of Zin.
   160 | D        | Found a radiant altar of Vehumet.
   160 | D        | Found a blossoming altar of Fedhas.
   160 | D        | Found a sparkling altar of Nemelex Xobeh.
   161 | D        | Found an opulent altar of Gozag.
   161 | D        | Found an iron altar of Okawaru.
   163 | D        | Noticed a water moccasin
   164 | D        | Noticed a water moccasin
   165 | D        | Became a worshipper of Sif Muna the Loreminder
   177 | D        | Noticed a kraken
   178 | D        | Noticed a water moccasin
   316 | D        | Identified a scroll of acquirement
   317 | D        | Acquired 837 gold pieces
   449 | D        | Killed a water moccasin
   450 | D        | Reached XP level 7. HP: 37/41 MP: 9/16
   451 | D        | Reached skill level 11 in Fire Magic
   455 | D        | Noticed a polar bear
   456 | D        | Noticed a hornet
   456 | D        | Noticed a yaktaur
   461 | D        | Killed a hornet
   461 | D        | Reached * piety under Sif Muna
   463 | D        | Killed a polar bear
   464 | D        | Reached XP level 8. HP: 46/46 MP: 11/19
   469 | D        | Killed a yaktaur
   470 | D        | Reached skill level 12 in Fire Magic
   470 | D        | Reached skill level 5 in Air Magic
   488 | D        | Noticed a polar bear
   488 | D        | Noticed a polar bear
   492 | D        | Killed a polar bear
   492 | D        | Reached ** piety under Sif Muna
   493 | D        | Reached skill level 5 in Poison Magic
   493 | D        | Killed a polar bear
   494 | D        | Reached skill level 1 in Hexes
   494 | D        | Reached XP level 9. HP: 47/51 MP: 3/21
   607 | D        | Noticed a merfolk siren
   612 | D        | Killed a merfolk siren
   613 | D        | Reached skill level 5 in Invocations
   641 | D        | Reached *** piety under Sif Muna
   752 | D        | Reached **** piety under Sif Muna
   757 | D        | Noticed an obsidian statue
   800 | D        | Noticed Kirke
   800 | D        | Noticed a yaktaur captain
   800 | D        | Noticed a kobold demonologist
   817 | D        | Noticed a skeletal warrior
   831 | D        | Shot with a bolt by a yaktaur captain

Illustrated notes

Levels and vault maps discovered:
D:        the_violet_keep_of_menkaure [sprint2_stairs_cluster_1,
          sprint2_shoproom, sprint2_temple, sprint2_basic_supplies,
          sprint2_obstacle_2, sprint2_obstacle_1, sprint2_obstacle_3,
          sprint2_obstacle_6, sprint2_obstacle_5, sprint2_timed_cluster_1,
          sprint2_smallroom_cluster_1, sprint2_smallroom_final_cluster_1,
          sprint2_transparent_cluster_1, sprint2_second_timed_cluster_1,
          sprint2_sniper_area_1, sprint2_heavy_combat_area_1,
          sprint2_mutation_trap_area_1, sprint2_forest_area_1,
          sprint2_light_combat_area_1, sprint2_behind_water_1,
          sprint2_near_end_vault_1]

Skill      XL: |  1  2  3  4  5  6  7  8  9 |
---------------+----------------------------+-----
Dodging        | 3 4 5 6 |  6.3
Stealth        | 4 5 6 |  6.1
Spellcasting   | 3 4 5 6 7 8 9 |  9.3
Fire Magic     | 6 7 9 10 11 12 | 12.9
Unarmed Combat | 1 2 3 |  3.2
Conjurations   | 2 3 4 |  4.3
Air Magic      | 2 4 5 6 |  6.5
Poison Magic   | 3 5 |  5.5
Invocations    | 3 4 5 |  5.9
Hexes          | 1 |  1.5
Fighting       | |  0.4

Action                     |  1- 3 |  4- 6 |  7- 9 || total
---------------------------+-------+-------+-------++-------
  Melee: Unarmed           |     3 |    12 |     4 ||    19
         Constrict         |     1 |     3 |     1 ||     5
         Tentacles         |       |     4 |     1 ||     5
         Punch             |       |     1 |       ||     1
   Cast: Foxfire           |     3 |    11 |     8 ||    22
         Scorch            |       |     4 |     9 ||    13
         Flame Wave        |       |     1 |     3 ||     4
         Inner Flame       |       |       |     8 ||     8
         Mephitic Cloud    |       |       |     2 ||     2
         Call Imp          |       |       |     3 ||     3
    Use: Potion            |     2 |     1 |     1 ||     4
         Scroll            |       |     8 |       ||     8
   Stab: Sleeping          |       |       |     1 ||     1
 Armour: Skin              |       |     1 |       ||     1
  Dodge: Dodged            |       |     4 |     8 ||    12
  Block: Orb               |       |     1 |     1 ||     2

Table legend: (Time is in decaauts)
 A = Elapsed time spent in this place.
 B = Non-inter-level travel time spent in this place.
 C = Inter-level travel time spent in this place.
 D = Time resting spent in this place.
 E = Time spent auto-exploring this place.
 F = Levels seen in this place.
 G = Mean time per level.
                   A        B        C        D        E       F      G
               +--------+--------+--------+--------+--------+-----+--------+
         Total |    835 |    835 |      0 |    291 |      0 |   1 |  835.0 |
       Dungeon |    835 |    835 |      0 |    291 |      0 |   1 |  835.0 |
               +--------+--------+--------+--------+--------+-----+--------+

Top non-repeatable levels by time:
       D: 835 daAuts
